[Event "SM-blixten 2025"]
[Site "Uppsala, Sweden"]
[Date "2025.07.03"]
[Round "9.8"]
[White "Hakanson, Josef"]
[Black "Agrest, Simon"]
[Result "1-0"]
[TimeControl "3 min + 2 sec increment starting from move 1"]
[WhiteElo "2131"]
[BlackElo "2006"]

1. e4 e5 2. Nf3 Nc6 3. Bc4 Nf6 4. d3 Bc5 5.
O-O a6 6. a4 d6 7. Na3 Bg4 8. c3 Qd7 9. b4 Ba7 10. Nc2 O-O 11. Bg5 Ne8 12. Ne3 Be6 13.
Qb3 Kh8 14. Bh4 Bxc4 15. Qxc4 Bxe3 16. fxe3 f5 17. exf5 Rxf5 18. Ng5 Rxf1+ 19. Rxf1 d5 20.
Rf8# 1-0

[Event "SM-blixten 2025"]
[Site "Uppsala, Sweden"]
[Date "2025.07.03"]
[Round "11.4"]
[White "Johnson, Daniel"]
[Black "Pantzar, Milton"]
[Result "0-1"]
[TimeControl "3 min + 2 sec increment starting from move 1"]
[BlackTitle "IM"]
[WhiteElo "2175"]
[BlackElo "2444"]

1. e4 e5 2. Nf3 d6 3. d4 exd4 4. Qxd4 Nc6 5. Bb5 Nf6 6. Nc3 Be7 7. Bf4 O-O 8. Qd2 a6 9. Bc4 b5 10.
Bd5 Nxd5 11. exd5 Na5 12. Qd3 g6 13. Nd4 Bf6 14. O-O Bd7 15. Ne4 Be7 16. Rfe1 Nc4 17. b3 Ne5 18. Qd2 Re8 19. h3 f5 20. Ng5 Bf6 21. Nge6 Bxe6 22. Nxe6 Qd7 23.
Nd4 Qf7 24. Ne6 c6 25. Ng5 Bxg5 26. Bxg5 c5 27. Rad1 Nd7 28. Bf4 Qf6 29. c4 bxc4 30.
bxc4 Rab8 31. Rb1 Rxe1+ 32. Qxe1 Rxb1 33. Qxb1 g5 34. Qb7 Nf8 35. Bg3 f4 36. Bxf4 gxf4 37. Qxa6 f3 38. Qc8 Qg5 39.
Qg4 Qxg4 40. hxg4 fxg2 41. Kxg2 Nd7 42. f4 Nb6 43. Kf3 Nxc4 44. Ke4 Nb6 45. g5 Kf7 46. f5 Kg7 47. a3 Kf7 0-1

[Event "SM-blixten 2025"]
[Site "Uppsala, Sweden"]
[Date "2025.07.03"]
[Round "1.9"]
[White "Andersson, Sven-Olof"]
[Black "Sandstrom, Ludvig"]
[Result "0-1"]
[TimeControl "3 min + 2 sec increment starting from move 1"]
[WhiteElo "1895"]
[BlackElo "2327"]

1. d4 Nf6 2. Nf3 g6 3. b3 Bg7 4. Bb2 O-O 5. g3 d6 6. Bg2 a5 7. a4 Na6 8. O-O c6 9. Re1 Bf5 10.
Nbd2 Qc7 11. e4 Bg4 12.
h3 Bxf3 13. Nxf3 Nd7 14. e5 dxe5 15. dxe5 Ndc5 16. Bc3 Rad8 17. Qe2 Nb4 18. Bxb4 axb4 19. Rad1 Ne6 20. Rxd8 Rxd8 21. Rd1 Rxd1+ 22. Qxd1 Bxe5 23. Nxe5 Qxe5 24. f4 Qc5+ 25. Kh2 Nd4 26. Be4 Qc3 27. Qd3 Qxd3 28. Bxd3 Nf3+ 29. Kg2 Ne1+ 30. Kf2 Nxd3+ 31. cxd3 Kg7 32. Ke3 Kf6 33. g4 Ke6 34.
Ke4 f5+ 35. Kd4 Kd6 36. gxf5 gxf5 37. Kc4 e5 38. fxe5+ Kxe5 39. d4+ Ke4 40. Kxb4 f4 41. Kc5 f3 42. Kb6 f2 43.
Kxb7 f1=Q 44. a5 Qb5+ 45. Kc7 Kxd4 46. b4 Kc4 47. h4 Kxb4 48. h5 Qxa5+ 49. Kxc6 Qxh5 50. Kd6 0-1

[Event "SM-blixten 2025"]
[Site "Uppsala, Sweden"]
[Date "2025.07.03"]
[Round "3.5"]
[White "Tornberg, Carlos"]
[Black "Olund, Joar"]
[Result "1/2-1/2"]
[TimeControl "3 min + 2 sec increment starting from move 1"]
[BlackTitle "FM"]
[WhiteElo "2164"]
[BlackElo "2369"]

1. e4 e5 2. Nf3 Nc6 3. Nc3 Nf6 4. h3 Bb4 5. a3 Bxc3 6. dxc3 Nxe4 7. Nxe5 Nxe5 8. Qd5 O-O 9. Qxe4 d5 10. Qd4 Nc6 11. Qd3 d4 12. cxd4 Nxd4 13.
Be3 Nf5 14. Qxd8 Rxd8 15. Bf4 Re8+ 16. Kd2 Nd4 17. Bd3 Bf5 18. Be3 Rad8 19. Bxd4 Rxd4 20.
Rhe1 Red8 21. Re3 Bxd3 22. Rxd3 Rxd3+ 23. cxd3 f6 24. Rc1 c6 25. Rc4 Rd5 26. Ke3 Kf7 27. Re4 h5 28. f4 a5 29. g4 hxg4 30.
hxg4 f5 31. gxf5 Rxf5 32. b4 Rh5 33.
Kd4 Rd5+ 34. Kc4 b5+ 35. Kc3 a4 36. d4 Kf6 37. Re5 Rd6 38. Kd3 g6 39. Ke4 Re6 40. Ke3 Rd6 41. Ke4 Re6 42.
Ke3 Rd6 1/2-1/2

[Event "SM-blixten 2025"]
[Site "Uppsala, Sweden"]
[Date "2025.07.03"]
[Round "5.1"]
[White "Nygren, Kim"]
[Black "Galperin, Platon"]
[Result "0-1"]
[TimeControl "3 min + 2 sec increment starting from move 1"]
[WhiteTitle "CM"]
[BlackTitle "GM"]
[WhiteElo "2173"]
[BlackElo "2506"]

1. e4 g6 2. d4 d6 3. Be3 Bg7 4. Be2 a6 5. a4 Nf6 6. Nc3 Nc6 7. d5 Nb4 8. h3 O-O 9. Nf3 e6 10.
dxe6 Bxe6 11. O-O Re8 12. a5 Bd7 13. Bd3 Bc6 14. Bd4 Nh5 15. Bxg7 Kxg7 16. Re1 Qf6 17. Bf1 Nf4 18. Nd4 Bd7 19.
Re3 d5 20. exd5 Rxe3 21. fxe3 Nfxd5 22. Nxd5 Nxd5 23. Ra3 Re8 24. Qd2 Qe7 25. c4 Nxe3 26. Be2 c5 27. Nf3 Nxg2 28. Qc3+ Qf6 29.
Qxf6+ Kxf6 30. Bf1 Nf4 31. Rb3 Bc6 32. Nd2 Rd8 33. Nb1 Rd1 34. Nc3 Nxh3+ 35. Kh2 Rxf1 36. Kxh3 Ke5 37. Ne2 Rf3+ 38. Rxf3 Bxf3 0-1

[Event "SM-blixten 2025"]
[Site "Uppsala, Sweden"]
[Date "2025.07.03"]
[Round "6.7"]
[White "Karlsson, Stefan 2005"]
[Black "Gruvaeus, Curt"]
[Result "0-1"]
[TimeControl "3 min + 2 sec increment starting from move 1"]
[BlackTitle "FM"]
[WhiteElo "2127"]
[BlackElo "2156"]

1. d3 g6 2. Nd2 Bg7 3. g3 c5 4. Bg2 Nc6 5. e4 e6 6. Nh3 Nge7 7. O-O d5 8. f4 O-O 9. c3 b6 10. Nf2 Ba6 11.
a4 dxe4 12. Ndxe4 Qc7 13. Qf3 Rad8 14. Rd1 h6 15. Bf1 Bb7 16. Qe2 f5 17. Nd2 e5 18. Nc4 Rfe8 19. fxe5 Nxe5 20. Nxe5 Bxe5 21. Nh3 Kh7 22. Bg2 Nd5 23.
Qd2 Qg7 24. c4 Ne3 25. Bxb7 Qxb7 26. Re1 Bd4 27. Nf2 Ng4 28. Rf1 g5 29. h3 Nxf2 30. Rxf2 Qf3 31. Qc2 Qxg3+ 0-1

[Event "SM-blixten 2025"]
[Site "Uppsala, Sweden"]
[Date "2025.07.03"]
[Round "8.3"]
[White "Grahn, Vidar"]
[Black "Pantzar, Milton"]
[Result "1-0"]
[TimeControl "3 min + 2 sec increment starting from move 1"]
[WhiteTitle "FM"]
[BlackTitle "IM"]
[WhiteElo "2239"]
[BlackElo "2444"]

1. e4 c6 2. Nf3 d5 3.
d3 dxe4 4. dxe4 Qxd1+ 5. Kxd1 Nf6 6. Nbd2 Nbd7 7. Ne1 e5 8. Nd3 Nc5 9. f3 Nfd7 10. Nc4 f6 11. a4 a5 12.
Be3 Kd8 13. b3 Kc7 14. Ke1 Nxd3+ 15. Bxd3 Bc5 16. Kf2 Bxe3+ 17. Nxe3 Nc5 18. Bc4 Bd7 19. h4 Rhd8 20. h5 h6 21. Rhd1 Rab8 22. Rd2 Be6 23. Rad1 Rxd2+ 24. Rxd2 Bd7 25. Be2 Rf8 26. Nc4 b6 27. g4 Rf7 28. Ke3 Ne6 29. Nd6 Re7 30. Nf5 Rf7 31. Bc4 b5 32. axb5 cxb5 33. Bxe6 Bxe6 34. Nd6 Rd7 35.
Nxb5+ Kc6 36. Rxd7 Bxd7 37. Nc3 Kc5 38.
Nd5 Be6 39. Nc7 Bf7 40. Kd3 Kb4 41. Nd5+ Ka3 42. Ne7 Kb2 43. Nf5 Bxb3 44. cxb3 Kxb3 45. Ne3 a4 46. Nc4 Kb4 47. Nd2 a3 48. Kc2 a2 49. Kb2 a1=Q+ 50. Kxa1 Kc3 51. Nf1 Kd3 52. Ng3 Ke3 53. Nf5+ Kxf3 54. Nxg7 Kxg4 55. Kb2 Kf4 56. Nf5 Kg5 57. Kc3 Kxh5 58. Kd3 Kg5 59. Ke3 h5 60. Kf3 Kg6 61. Kg3 Kg5 62. Kf3 Kg6 63. Kg2 Kg5 64. Kg3 h4+ 65. Kf3 h3 66. Kg3 h2 67. Kxh2 Kf4 68. Nd6 Kg4 69. Kg2 Kf4 70. Kf2 Kg4 71. Ke3 Kg3 72. Kd3 Kf4 73. Kc4 f5 74. exf5 e4 75. f6 e3 76.
f7 e2 77. f8=Q 1-0

[Event "SM-blixten 2025"]
[Site "Uppsala, Sweden"]
[Date "2025.07.03"]
[Round "9.9"]
[White "Jonsson, Mikael"]
[Black "Ask, Josef"]
[Result "1-0"]
[TimeControl "3 min + 2 sec increment starting from move 1"]
[BlackTitle "FM"]
[WhiteElo "2204"]
[BlackElo "2130"]

1. e4 Nc6 2. d4 d5 3. e5 Bf5 4. c3 e6 5. Be3 h5 6. Nd2 f6 7. f4 Nh6 8. Qxh5+ g6 9. Qe2 Ng4 10.
Ngf3 Bh6 11. h3 Nxe3 12. Qxe3 fxe5 13. dxe5 d4 14. Nxd4 Nxd4 15. cxd4 g5 16. Nf3 gxf4 17. Qb3 b6 18.
Bc4 Qd7 19. d5 O-O-O 20. dxe6 Qc6 21. O-O Qc5+ 22. Kh2 Rhg8 23. e7 Rxg2+ 24. Kxg2 Qxe7 25. Kh2 Qc5 26. Rae1 Rf8 27. Re2 Bg7 28. Rg2 Rh8 29. Be6+ Bxe6 30.
Qxe6+ Kb8 31. Rxg7 Qc2+ 32. Rg2 Qd3 33. Rff2 Qe4 34. Qf6 Rh7 35. e6 Kb7 36. Ng5 Qc6 1-0

[Event "SM-blixten 2025"]
[Site "Uppsala, Sweden"]
[Date "2025.07.03"]
[Round "11.5"]
[White "Tadjerbashi, Amir"]
[Black "Religa, Marek"]
[Result "1-0"]
[TimeControl "3 min + 2 sec increment starting from move 1"]
[WhiteElo "2235"]
[BlackElo "2227"]

1. e4 c5 2. Nf3 Nf6 3. e5 Nd5 4. Nc3 e6 5. g3 d6 6. exd6 Bxd6 7. Ne4 Be7 8. Bg2 Nc6 9. O-O O-O 10. d3 b6 11. a3 Bb7 12. Re1 h6 13.
Bd2 b5 14. c4 bxc4 15. dxc4 Nf6 16. Nc3 Qb6 17. Na4 Qc7 18. Bf4 Qc8 19. Qb3 Rd8 20. Rad1 Nd4 21. Nxd4 Bxg2 22. Kxg2 cxd4 23.
Qb5 a6 24. Qa5 Qxc4 25. Nb6 Qc6+ 26. Kg1 Ra7 27. Rc1 Qf3 28. Nc8 Ng4 29. Nxe7+ Kh7 30. Qd2 Rxe7 31. h3 Nf6 32. Be5 Qd5 33. Bxf6 gxf6 34. Qd3+ Qf5 35. Qxf5+ exf5 36. Rxe7 Kg6 37. Rd1 d3 38. Re3 d2
39. Re2 Rc8 40. Rexd2 Rc4 41. Rd4 Rc2 42. Rb4 a5 43. Rb5 a4 44. Rd4 Rc1+ 45. Kg2 Rc2 46. Rxa4 Rxb2 47. Rxb2 1-0

[Event "SM-blixten 2025"]
[Site "Uppsala, Sweden"]
[Date "2025.07.03"]
[Round "1.10"]
[White "Ziegler, Ari"]
[Black "Akeborg, Jonatan"]
[Result "1-0"]
[TimeControl "3 min + 2 sec increment starting from move 1"]
[WhiteTitle "IM"]
[WhiteElo "2297"]
[BlackElo "1920"]

1. d4 d5 2. c4 c6 3. Nc3 Nf6 4.
e3 Bf5 5. cxd5 cxd5 6. Qb3 Qd7 7. Nf3 Nc6 8. Bb5 e6 9. Ne5 Qc7 10. Qa4 Rc8 11. Qxa7 Bd6 12. Nxc6 bxc6 13. Qxc7 Rxc7 14.
Be2 Ke7 15. f3 c5 16. Nb5 Rc6 17. Nxd6 Kxd6 18. dxc5+ Rxc5 19. b3 Rc2 20. g4 Bg6 21. Bd2 Rhc8 22. h4 h5 23. g5 Nd7 24.
a4 Ne5 25. a5 Bd3 26. a6 Bxe2 27.
Kxe2 Ra8 28. Rhc1 Rb2 29. Ra3 Nc6 30. Kd1 Na7 31. Bb4+ Kd7 32. Rc2 Rb1+ 33. Kd2 Nb5 34. Ra5 Nc7 35. Ra4 Nxa6 36. Bc3 Nc7 37. Rxa8 Nxa8 38. Bxg7 Rxb3 39. Be5 Nb6 40. Rc7+ Ke8 41. Bf6 Nc4+ 42. Kc1 Rxe3 43.
f4 Rh3 44. Re7+ Kf8 45. Ra7 Ke8 46.
Ra8+ Kd7 47. Rf8 Rxh4 48. Rxf7+ Kd6 49. g6 Kc5 50. g7 Rg4 51.
Rf8 Rg1+ 52. Kc2 Ne3+ 53. Kb3 Nf5 54. g8=Q Rxg8 55. Rxg8 h4 56. Rh8 1-0

[Event "SM-blixten 2025"]
[Site "Uppsala, Sweden"]
[Date "2025.07.03"]
[Round "3.6"]
[White "Malmstig, Erik"]
[Black "Agrest, Simon"]
[Result "1-0"]
[TimeControl "3 min + 2 sec increment starting from move 1"]
[WhiteTitle "FM"]
[WhiteElo "2231"]
[BlackElo "2006"]

1. d4 Nf6 2. c4 g6 3.
Nc3 Bg7 4. e4 d6 5. Nge2 O-O 6. Ng3 Nc6 7. d5 Ne5 8.
Be2 c6 9. h3 cxd5 10. cxd5 Re8 11. f4 Ned7 12. O-O a5 13. Be3 b6 14. Rc1 Nc5 15. Kh1 h5 16. Bf3 Ba6 17. Rg1 Rc8 18.
Nge2 e6 19. dxe6 Rxe6 20. Bxc5 dxc5 21. e5 Ne8 22. Bd5 Re7 23. Qc2 Nc7 24. Rgd1 Nxd5 25. Nxd5 Rd7 26. Nec3 Rb8 27. Ne3 Rxd1+ 28. Rxd1 Qh4 29. Ncd5 Bb7 30.
Rf1 Rd8 31. Qb3 Bh6 32. Nf6+ Kg7 33. Ned5 Bxd5 34. Nxd5 Rb8 35. e6 fxe6 36. Nc7 Qf6 37. Nxe6+ Kh8 38. Nxc5 Bg7 39. Nd7 Qd6 40.
Nxb8 Qxb8 41. Qe6 Qc7 42. Qxg6 Qc5 43. f5 Qc4 44. Qxh5+ Kg8 45. Re1 Qb4 46. Re8+ 1-0

[Event "SM-blixten 2025"]
[Site "Uppsala, Sweden"]
[Date "2025.07.03"]
[Round "5.2"]
[White "Angulo Salinas, Julio Osvaldo"]
[Black "Carlsson, Ludvig"]
[Result "0-1"]
[TimeControl "3 min + 2 sec increment starting from move 1"]
[BlackTitle "IM"]
[WhiteElo "1994"]
[BlackElo "2386"]

1. e4 e5 2. Nf3 Nf6 3. Nxe5 d6 4. Nf3 Nxe4 5. Nc3 Nxc3 6. dxc3 Nc6 7.
Bd3 Be7 8. Be3 Bg4 9. Qd2 Bxf3 10. gxf3 Qd7 11. Rg1 g6 12. O-O-O Qe6 13. Kb1 Ne5 14. Be4 c6 15. f4 Nc4 16. Qd4 Bf6 17. Qd3 Nxe3 18. fxe3 d5 19.
Bf3 Be7 20. e4 dxe4 21. Bxe4 Rd8 22. Qf3 O-O 23. Rxd8 Rxd8 24. f5 Qf6 25. fxg6 hxg6 26. Qh5 Kg7 27. Bd3 Rh8 28. Qe2 Bd6 29.
Rf1 Rxh2 30. Qe8 Qe7 31. Qa8 Bc5 32. Qb8 Rh8 33. Qf4 b5 34. a4 a6 35. axb5 axb5 36. Qf3 Qe6 37. Be4 Rc8 38.
Qg2 Rc7 39. Bf5 Qe5 40. Be4 b4 41. cxb4 Bxb4 42. Bxc6 Ra7 43. Bd5 f5 44. Rg1 Qf6 45. Bb3 Re7 46. Rd1 Bd6 47. Qc6 Be5 48.
Qc8 Bxb2 49. Qg8+ Kh6 50. Rh1+ Kg5 51. Rg1+ Kf4 52. Qxg6 Re1+ 53. Ka2 Ra1+ 54. Rxa1 Qxg6 55. Kxb2 Qf6+ 56. Kb1 Ke3 57. Ra3 Kd2 58. Ra4 f4 59. Ra7 f3 60.
Rf7 Qc6 61. Rf5 Ke1 62. Bd5 Qb5+ 63. Kc1 f2 64. Re5 Kf1 65. Rg5 0-1

[Event "SM-blixten 2025"]
[Site "Uppsala, Sweden"]
[Date "2025.07.03"]
[Round "6.8"]
[White "Engstrom, Kaj"]
[Black "Angulo Salinas, Julio Osvaldo"]
[Result "0-1"]
[TimeControl "3 min + 2 sec increment starting from move 1"]
[WhiteElo "2156"]
[BlackElo "1994"]

1. e4 c6 2. d4 d5 3. exd5 cxd5 4. c4 Nf6 5.
Nc3 e6 6. Nf3 Bb4 7. cxd5 Nxd5 8. Bd2 O-O 9. Bd3 Nf6 10. O-O Nc6 11. Bg5 Be7 12.
Rc1 h6 13. Bh4 Nd5 14. Bg3 Nxc3 15. bxc3 b6 16. Qe2 Bb7 17. Rfd1 Bf6 18. Bf4 Ne7 19. Ne5 Qd5 20. f3 Qa5 21.
Nd7 Nd5 22. Bd2 Rfd8 23. c4 Qxa2 24. cxd5 Bxd4+ 25. Kh1 Rxd7 26. dxe6 Qxe6 27. Qf1 Rad8 28. Bf4 Qf6 29. Bg3 Be5 30. Bf2 Qf4 31. Bg1 Rxd3 32. Rxd3 Rxd3 33.
Qxd3 Qxc1 34. Qd8+ Kh7 35. Qd3+ g6 36. Qb3 Qc7 0-1

[Event "SM-blixten 2025"]
[Site "Uppsala, Sweden"]
[Date "2025.07.03"]
[Round "8.4"]
[White "Carlsson, Ludvig"]
[Black "Hakanson, Josef"]
[Result "1/2-1/2"]
[TimeControl "3 min + 2 sec increment starting from move 1"]
[WhiteTitle "IM"]
[WhiteElo "2386"]
[BlackElo "2131"]

1. Nf3 d5 2. d4 e6 3. c4 a6 4. Bg5 Be7 5. Bxe7 Qxe7 6.
e3 Nf6 7. Nc3 O-O 8. Rc1 Nbd7 9. a3 dxc4 10. Bxc4 c5 11. Bd3 b5 12. Ne4 cxd4 13. Nxd4 Bb7 14. Nxf6+ Nxf6 15. O-O Rac8 16.
Qe2 Rfd8 17. Rc2 Rxc2 18. Qxc2 Rc8 19. Qd2 Ne4 20. Bxe4 Bxe4 21. Rc1 Rd8 22. f3 e5 23. fxe4 exd4 24.
exd4 Qxe4 25. d5 g6 26. d6 Rd7 27. Re1 Rxd6 28. Qc3 Qd4+ 29. Qxd4 Rxd4 30. Rc1 Rd2 31. Rc6 Rxb2 32. Rxa6 g5 33.
h3 Kg7 34. a4 bxa4 35. Rxa4 h5 36. Ra6 f6 37. Rc6 h4 38.
Ra6 Kg6 39. Rc6 Rb5 40. Ra6 Kf5 41.
Kh2 Ke5 42. Rc6 f5 43. Rc4 Rd5 44. Ra4 Rd4 45. Ra1 Rd3 46. Ra4 Re3 47. Rb4 Re4 48. Rb1 g4 49. hxg4 fxg4 50. Rb5+ Kf4 51. g3+ hxg3+ 52. Kg2 Re2+ 53.
Kg1 g2 54. Rb4+ Kg5 55. Rb3 Kh4 56. Ra3 g3 57. Ra4+ Kh3 58. Rh4+ 1/2-1/2

[Event "SM-blixten 2025"]
[Site "Uppsala, Sweden"]
[Date "2025.07.03"]
[Round "9.10"]
[White "Ziegler, Ari"]
[Black "Odell Johansson, Leo"]
[Result "1-0"]
[TimeControl "3 min + 2 sec increment starting from move 1"]
[WhiteTitle "IM"]
[WhiteElo "2297"]
[BlackElo "1991"]

1. d4 d5 2. c4 e6 3. Nc3 a6 4. cxd5 exd5 5. Nf3 Nf6 6. Bg5 Be6 7. e3 Bd6 8.
Bd3 Nbd7 9. Qc2 c6 10.
O-O Qb8 11. e4 dxe4 12. Nxe4 Nxe4 13. Bxe4 h6 14. Bh4 O-O 15. Rfe1 Nb6 16. Bh7+ Kh8 17. Bf5 Bd5 18. Ne5 Qc7 19.
Bg3 Rad8 20. a4 a5 21. b3 Nc8 22. Rad1 Ne7 23. Bh3 Qb6 24. Re3 Bxe5 25. Bxe5 Ng6 26. Bg3 Rde8 27. Rc3 Qa6 28. Bf5 Qe2 29.
Qxe2 Rxe2 30. Bc7 Rfe8 31. h3 Re1+ 32. Rxe1 Rxe1+
33. Kh2 Re2 34. Kg3 Ne7 35. Bg4 Rb2 36. Bxa5 Rxb3 37.
Bd1 Rxc3+ 38. Bxc3 Kg8 39. Kf4 f6 40. f3 Kf7 41. Bc2 Ke6 42. a5 g5+ 43. Ke3 Nf5+ 44. Kd2 Nh4 45. g4 Nxf3+ 46. Ke3 Ng1 47. Bf5+ Kd6 48. Bc8 Nxh3 49. Bxb7 Nf4 50. a6 Kc7 51. Ba5+ Kb8 52. Bb4 c5 53.
Bxc5 Bxb7 54. axb7 Kxb7 55. Ke4 Kc6 56. Be7 Kd7 57. Bxf6 Ke6 58. Bg7 Nd5 59. Bxh6 Nf6+ 60. Kf3 Ng8 61. Bxg5 Kd5 62. Ke3 Ke6 63. Ke4 Kd6 64. d5 Kd7 65. Ke5 Ke8 66. d6 Kd7 67. Kd5 Ke8 68. Ke6 Ne7 69. d7+ Kd8 70. Bxe7+ 1-0

[Event "SM-blixten 2025"]
[Site "Uppsala, Sweden"]
[Date "2025.07.03"]
[Round "11.6"]
[White "Ziegler, Ari"]
[Black "Nilsson, Joakim"]
[Result "1-0"]
[TimeControl "3 min + 2 sec increment starting from move 1"]
[WhiteTitle "IM"]
[BlackTitle "FM"]
[WhiteElo "2297"]
[BlackElo "2208"]

1. d4 Nf6 2. Bf4 b6 3. e3 Bb7 4. Nf3 g6 5.
c4 Bg7 6. Nc3 O-O 7. h3 Ne4 8. Nxe4 Bxe4 9. Be2 c5 10. O-O Nc6 11. Nd2 Bxg2 12. Kxg2 cxd4 13.
Rb1 Rc8 14. Bf3 dxe3 15. fxe3 Ne5 16. Bxe5 Bxe5 17. b3 Qc7 18. Ne4 f5 19. Nf2 Bh2 20. Rh1 e6 21. Rxh2 f4 22. e4 Qe5 23.
Kh1 b5 24. Ng4 Qg7 25. e5 bxc4 26. bxc4 Rxc4 27. Rc2 Rfc8 28. Rxc4 Rxc4 29. Nf6+ 1-0

[Event "SM-blixten 2025"]
[Site "Uppsala, Sweden"]
[Date "2025.07.03"]
[Round "2.1"]
[White "Galperin, Platon"]
[Black "Stedman, Theodor"]
[Result "1-0"]
[TimeControl "3 min + 2 sec increment starting from move 1"]
[WhiteTitle "GM"]
[WhiteElo "2506"]
[BlackElo "1873"]

1. Nf3 c5 2. e3 Nf6 3. b3 Nc6 4. Bb2 d5 5. Bb5 Qc7 6. Ne5 a6 7. Bxc6+ bxc6 8. d3 Bf5 9. Nd2 e6 10.
g4 Bg6 11. h4 h5 12. g5 Nd7 13. Nxg6 fxg6 14. Qf3 Ne5 15. Qh3 Ng4 16. Ke2 d4 17. exd4 Qf4 18. Ne4 cxd4 19. Bxd4 O-O-O 20. Bb6 Rd5 21. f3 Qe3+ 22. Bxe3 1-0

[Event "SM-blixten 2025"]
[Site "Uppsala, Sweden"]
[Date "2025.07.03"]
[Round "3.7"]
[White "Religa, Marek"]
[Black "Adler, Bo"]
[Result "1-0"]
[TimeControl "3 min + 2 sec increment starting from move 1"]
[WhiteElo "2227"]
[BlackElo "2074"]

1. e4 e5 2. Nf3 Nc6 3.
Bc4 Nf6 4. d4 exd4 5. O-O Nxe4 6.
Re1 d5 7. Ng5 Be7 8. Nxf7 Kxf7 9. Qh5+ Kf8 10. Bxd5 Qe8 11.
Qxe8+ Kxe8 12. Bxe4 Kf7 13. Bd5+ Kf6 14. Nd2 Bf5 15. Nf3 Bc5 16. c3 dxc3 17. bxc3 Rad8 18. Bg5+ Kg6 19. Bxd8
Rxd8 20. Bxc6 bxc6 21. Nh4+ Kf6 22. Nxf5 Kxf5 23. Rad1 Bd6 24. g3 Rb8 25. Rb1 Rd8 26. Red1 Re8 27. Kf1 Re7 28. Rb8 Re4 29. Rd4 Re5 30. Rc4 Ra5 31. a4 Rd5 32. Rxc6 Rd2 33. Rb5+ Ke6 34. Ra5 Kd7 35. Rc4 c5 1-0

[Event "SM-blixten 2025"]
[Site "Uppsala, Sweden"]
[Date "2025.07.03"]
[Round "5.3"]
[White "Malmstig, Erik"]
[Black "Karlsson, Stefan 2005"]
[Result "1-0"]
[TimeControl "3 min + 2 sec increment starting from move 1"]
[WhiteTitle "FM"]
[WhiteElo "2231"]
[BlackElo "2127"]

1. d4 d5 2. e4 dxe4 3. Nc3 Nf6 4. f3 c5 5. dxc5 Qa5 6.
Bb5+ Bd7 7. Qe2 a6 8. Bxd7+ Nbxd7 9. c6 bxc6 10.
fxe4 e5 11. Bd2 Bb4 12. Nf3 O-O 13. O-O Rab8 14. Kh1 Qb6 15. Nh4 Nc5 16. Rxf6 gxf6 17. Bh6 Kh8 18. Qf3 Nd7 19. Bxf8 Rxf8 20. Rd1 Rd8 21. Na4 Qb5 22.
Qb3 Nf8 23. c3 Rxd1+ 24. Qxd1 Be7 25. Nf5 Ng6 26. b3 Qb8 27. h3 Bf8 28. Qd7 Kg8 29. Qxc6 Qd8 30. Qd5 Qc8 31. c4 Nf4 32. Qd1 Qc6 33. Nc3 Qc5 34. Nd5 Kh8 35. Qg4 Qf2 36. Nxf6 Ng6 37.
Qf3 Qe1+ 38. Kh2 Nf4 39. Qe3 Qf1 40. Nh4 Qb1 41. Qc3 Qd1 1-0

[Event "SM-blixten 2025"]
[Site "Uppsala, Sweden"]
[Date "2025.07.03"]
[Round "6.9"]
[White "Ask, Josef"]
[Black "Tadjerbashi, Amir"]
[Result "0-1"]
[TimeControl "3 min + 2 sec increment starting from move 1"]
[WhiteTitle "FM"]
[WhiteElo "2130"]
[BlackElo "2235"]

1. e4 e5 2. d4 exd4 3. Bb5 Nc6 4.
Ne2 Bc5 5. O-O Nf6 6. Ng3 d6 7.
a3 O-O 8. b4 Bb6 9. h3 Re8 10. Re1 Be6 11. Bg5 h6 12. Bf4 Ne5 13. Bxe8 Qxe8 14. Nd2 Ng6 15.
Qf3 Nd7 16. Nh5 Nde5 17. Qg3 Qe7 18. Nf3 Nxf3+ 19. Qxf3 Bc4 20. Qg3 Re8 21. Bd2 Kh7 22. Kh2 Rg8 23. f4 c6 24. f5 Ne5 25. Bf4 Bd8 26. Rad1 c5 27. bxc5 Bc7 28. cxd6 Qxd6 29. Kh1 g6 30. fxg6+ fxg6 31. Rxd4 Qxd4 32. Nf6+ Kg7 33. Nxg8 Bxg8 34. Re3 g5 35. Bxe5+ Bxe5 36. Qf2 Bc4 37. Qf5 Qd1+ 0-1

[Event "SM-blixten 2025"]
[Site "Uppsala, Sweden"]
[Date "2025.07.03"]
[Round "8.5"]
[White "Olund, Joar"]
[Black "Berovski, Krum"]
[Result "1-0"]
[TimeControl "3 min + 2 sec increment starting from move 1"]
[WhiteTitle "FM"]
[WhiteElo "2369"]
[BlackElo "2344"]

1. Nf3 Nf6 2. b3 e6 3. Bb2 Be7 4. g3 d5 5. c4 c6 6. Bg2 Nbd7 7. O-O O-O 8. d3 a5 9. a3 Qc7 10. Nbd2 e5 11. Rc1 d4 12.
e3 c5 13. Qe2 Bd6 14. Ng5 Re8 15. Rce1 Nf8 16. Nde4 Nxe4 17. Nxe4 Be7 18. h4 Bd7 19. Qh5 Qb6 20. exd4 exd4 21.
Qd1 a4 22. Nd2 Bf6 23. Bc1 Rxe1 24. Rxe1 Bc6 25. bxa4 Bxg2 26. Kxg2 Qc6+ 27. Ne4 Be7 28. Qf3 Rxa4 29. Ng5 Bxg5 30.
Qxc6 bxc6 31. hxg5 Ne6 32. f4 g6 33. g4 Kf8 34. f5 gxf5 35. gxf5 Ng7 36. Re5 Ra5 37. Kf3 Ne8 38. Kg4 f6 39. Re6 fxg5 40. Rxc6 Kf7 41. Kxg5 Ra8 42. Rxc5 Rb8 43. Rb5 Ra8 44. Rb7+ Kf8 45. Bd2 Ra6 46. Bb4+ Kg8 47. Rb8 Kf7 48.
Rb7+ Kg8 49. Rd7 h6+ 50. Kf4 Ng7 51. Rxd4 Nh5+ 52. Ke5 Ra5+ 53. Bxa5 1-0

[Event "SM-blixten 2025"]
[Site "Uppsala, Sweden"]
[Date "2025.07.03"]
[Round "10.1"]
[White "Galperin, Platon"]
[Black "Johnson, Daniel"]
[Result "1-0"]
[TimeControl "3 min + 2 sec increment starting from move 1"]
[WhiteTitle "GM"]
[WhiteElo "2506"]
[BlackElo "2175"]

1. Nf3 d5 2. e3 Nf6 3. c4 e6 4. b3 b6 5. Bb2 Bb7 6. cxd5 exd5 7. g3 Bd6 8. Bg2 O-O 9. O-O Re8 10.
Nc3 a6 11. Rc1 Nbd7 12. Ne2 Bf8 13. Nf4 g6 14. d3 Bg7 15. Rc2 Rc8 16. Qa1 Qe7 17. Rfc1 c5 18. d4 Ne4 19. dxc5 Bxb2 20.
Qxb2 bxc5 21. Nd2 Nxf2 22. Kxf2 Qxe3+ 23. Kf1 a5 24. Rc3 Ba6+ 25. Nc4 dxc4 26. Rxe3 c3+ 27. Qe2 Bxe2+ 28. Rxe2 Nf6 29. Rxc3 Rxe2 30. Kxe2 Re8+ 31. Re3 1-0

[Event "SM-blixten 2025"]
[Site "Uppsala, Sweden"]
[Date "2025.07.03"]
[Round "11.7"]
[White "Karlsson, Tomas"]
[Black "Muntean, Victor"]
[Result "1/2-1/2"]
[TimeControl "3 min + 2 sec increment starting from move 1"]
[WhiteTitle "FM"]
[WhiteElo "2239"]
[BlackElo "2140"]

1. e4 e5 2. Nf3 Nc6 3. Bb5 a6 4. Ba4 f5 5. d3 fxe4 6. dxe4 Nf6 7. O-O d6 8. Bg5 Be7 9. Bxf6 Bxf6 10. Qd5 Bd7 11. c3 Qe7 12. Bb3 O-O-O 13. Qf7 Rdf8 14. Qxe7 Bxe7 15. Nbd2 g5 16. Nc4 h5 17. Ne3 g4 18. Nd2 Bg5 19. Rae1 Ne7 20. Re2 Ng6 21. g3 Rf6 22.
Nd5 Rff8 23. Nc4 h4 24. Nce3 Bb5 25. Bc4 Bd7 26. Bb3 hxg3 27. fxg3 Rxf1+ 28. Nxf1 Rf8 29. Rf2 Rxf2 30. Kxf2 Bc1 31. Nde3 Bxb2 32. Nd1 Bc1 33.
Nfe3 Bxe3+ 34. Nxe3 Nf8 35. Bd1 Kd8 36. Nxg4 Nh7 37. h4 Ke7 38. Ke3 Be6 39. a3 b5 40. Be2 c5 41. Nf2 Nf6 42.
g4 Bc8 43. g5 Ne8 44. Bg4 Bxg4 45. Nxg4 a5 46. Kd3 Ng7 47. Ne3 Nh5 48.
Nf5+ Ke6 49. g6 Nf4+ 50. Ke3 Nxg6 51.
h5 Nf8 52. h6 b4 53. axb4 axb4 54. cxb4 cxb4 55. Kd3 Kf6 56.
Nxd6 Kg6 57. Nf5 Ne6 58.
Kc4 b3 59. Kxb3 Nc5+ 60. Kc4 Nxe4 61. Ne3 Kxh6 62. Kd5 Nf6+ 63. Kxe5 Ng4+ 64. Nxg4+ 1/2-1/2

[Event "SM-blixten 2025"]
[Site "Uppsala, Sweden"]
[Date "2025.07.03"]
[Round "2.2"]
[White "Svensson, Hakan"]
[Black "Seo, Jung Min"]
[Result "0-1"]
[TimeControl "3 min + 2 sec increment starting from move 1"]
[BlackTitle "IM"]
[WhiteElo "2004"]
[BlackElo "2468"]

1. d4 Nf6 2. Nf3 b6 3. Bg5 Ne4 4. Bf4 Bb7 5. e3 d6 6. Nbd2 Nxd2 7. Qxd2 g6 8. Bd3 Bg7 9. h4 h6 10. O-O-O Nd7 11. e4 e5 12.
Be3 Qe7 13. dxe5 dxe5 14. Bb5 O-O-O 15. Bxd7+ Rxd7 16. Qxd7+ Qxd7 17. Rxd7 Kxd7 18. Nd2 f5 19. f3 Bf6 20. h5 f4 21. Bf2 g5 22. Nc4 Ke6 23. Rd1 g4 24. a4 Rg8 25. Na3 gxf3 26. gxf3 Rg2 27. Bg1 a6 28. a5 b5 29. c4 bxc4 30. Nxc4 Rg3 31. Nd2 Bc6 32. Kb1 Ba4 33. Rc1 c6 34.
b3 Bb5 35. Bf2 Rh3 36. Rc3 Rxh5 37. Nc4 Rh1+ 38. Kb2 Rh2 39. Rc2 Kf7 40. Na3 Be7 41. Nxb5 cxb5 42. Rc6 Rxf2+ 43. Kc3 Rxf3+ 44. Kb2 Rf2+ 45. Kc3 b4+ 46. Kc4 Rc2+ 47. Kd5 Rxc6 48. Kxc6 Bd8 49. Kb7 Bxa5 50. Kxa6 Bd8 0-1